AoeStats
← AiM | Fubuki Sinri

MegaRandom

510021413Analyzed
4v4 RM · 4d ago on Sep 29, 2026· 46m 15s· 8 players
Game mode
Random Map
Map size
Large (8 player)
Population
200
Speed
Normal
Resources
Standard
Victory
Conquest
Starting age
Dark Age
Ending age
Imperial Age
RankedLock teamsTeams togetherTeam positionsShared explorationLock speedFull tech treeHidden civsTurbo modeCheats
Victory
Defeat
🇨🇱 Franks · Chile
1623
+16
🇺🇸 Malay · United States
1579
+18
🇦🇷 Persians · Argentina
1577
+18
🇲🇽 Britons · Mexico
1566
+19
🇮🇳 Varangians · India
1835
-25
🇺🇸 Tatars · United States
1627
-18
🇺🇸 Khmer · United States
1547
-15
🇺🇸 Britons · United States
1510
-13
BeardyMan37
5:10 Loom
9:57 Feudal Age
10:18 Double-Bit Axe
12:43 Fletching
21:42 Castle Age
19:37 Horse Collar
20:40 Padded Archer Armor
20:42 Crossbowman
21:25 Bodkin Arrow
22:29 Ballistics
24:31 Bow Saw
26:19 Wheelbarrow
33:18 Imperial Age
31:26 Gold Mining
32:49 Bracer
33:38 Hand Cart
33:08 Town Watch
34:34 Chemistry
34:05 Thumb Ring
34:03 Arbalester
36:36 Hand Cart
36:23 Heavy Plow
36:10 Pikeman
36:51 Squires
37:07 Thumb Ring
39:02 Forging
39:44 Conscription
39:54 Stone Mining
40:35 Halberdier
42:50 Iron Casting
42:54 Leather Archer Armor
46:07 Blast Furnace
45:37 Ring Archer Armor
AiM | Fubuki Sinri
6:37 Loom
9:49 Feudal Age
11:30 Fletching
13:43 Double-Bit Axe
16:11 Horse Collar
22:03 Castle Age
20:25 Gold Mining
21:13 Padded Archer Armor
22:06 Crossbowman
22:42 Bodkin Arrow
24:09 Bow Saw
24:53 Leather Archer Armor
27:09 Wheelbarrow
26:20 Town Watch
27:14 Ballistics
28:53 Heavy Plow
33:04 Gold Shaft Mining
36:35 Imperial Age
36:38 Arbalester
37:18 Bracer
39:11 Chemistry
39:35 Masonry
41:10 Ring Archer Armor
41:04 Conscription
43:15 Yeomen
44:36 Warwolf
45:16 Siege Engineers
45:37 Hand Cart
45:22 Town Patrol
AiM | PoRRo
6:12 Loom
7:10 Loom
9:11 Feudal Age
11:58 Double-Bit Axe
20:10 Castle Age
18:41 Gold Mining
19:24 Scale Barding Armor
20:27 Forging
21:53 Husbandry
26:35 Chain Barding Armor
30:35 Wheelbarrow
33:13 Iron Casting
32:55 Bow Saw
33:49 Gold Shaft Mining
33:06 Stone Mining
38:38 Imperial Age
36:25 Hand Cart
38:41 Cavalier
39:58 Plate Barding Armor
39:45 Conscription
40:25 Paladin
41:09 Chivalry
43:52 Blast Furnace
AIM | Agua cate 98
2:26 Loom
3:18 Loom
6:31 Loom
9:01 Feudal Age
11:22 Double-Bit Axe
12:19 Horse Collar
16:05 Wheelbarrow
19:33 Castle Age
18:22 Forging
19:16 Scale Barding Armor
20:04 Bloodlines
21:58 Iron Casting
25:53 Husbandry
27:51 Chain Barding Armor
28:23 Devotion
28:51 Bow Saw
30:15 Heavy Plow
30:25 Town Watch
31:32 Hand Cart
35:11 Imperial Age
34:50 Man-at-Arms
36:13 Plate Barding Armor
36:38 Blast Furnace
35:30 Heavy Camel Rider
38:40 Cavalier
41:06 Fletching
42:05 Savar
43:33 Stone Mining
43:33 Gold Mining
44:48 Crop Rotation
46:27 Town Patrol
Lathkore
6:20 Loom
8:53 Feudal Age
10:03 Double-Bit Axe
10:59 Horse Collar
14:47 Scale Barding Armor
17:08 Forging
21:21 Wheelbarrow
24:16 Castle Age
23:00 Bloodlines
23:56 Gold Mining
25:07 Husbandry
25:17 Fletching
26:16 Bodkin Arrow
28:36 Padded Archer Armor
29:04 Bow Saw
33:26 Leather Archer Armor
33:13 Heavy Plow
41:04 Imperial Age
40:04 Gold Shaft Mining
40:23 Ballistics
41:00 Hand Cart
41:49 Bracer
42:57 Chemistry
42:39 Conscription
43:26 Heavy Cavalry Archer
44:12 Silk Armor
46:01 Ring Archer Armor
MrWrong
10:21 Feudal Age
9:39 Loom
13:35 Castle Age
12:15 Double-Bit Axe
12:11 Horse Collar
15:29 Bow Saw
18:31 Scale Barding Armor
19:48 Wheelbarrow
20:30 Husbandry
24:22 Bloodlines
25:10 Bloodlines
25:26 Bloodlines
26:14 Chain Barding Armor
26:45 Forging
26:46 Gold Mining
31:52 Gold Shaft Mining
33:22 Iron Casting
35:22 Imperial Age
34:19 Fletching
36:44 Plate Barding Armor
35:56 Cavalier
38:40 Conscription
39:00 Elite Battle Elephant
42:22 Blast Furnace
43:17 Tusk Swords
_kill3rJ
8:52 Loom
10:37 Feudal Age
15:11 Castle Age
13:53 Double-Bit Axe
14:45 Fletching
20:00 Bodkin Arrow
21:36 Padded Archer Armor
26:47 Ballistics
29:15 Leather Archer Armor
30:54 Wheelbarrow
32:39 Bow Saw
32:21 Horse Collar
34:05 Gold Mining
41:37 Imperial Age
41:37 Wheelbarrow
42:23 Bracer
43:22 Yeomen
44:04 Chemistry
Laming Yamal
10:23 Feudal Age
9:43 Loom
14:09 Castle Age
12:33 Horse Collar
12:38 Double-Bit Axe
15:05 Bow Saw
21:45 Wheelbarrow
24:43 Heavy Plow
24:38 Gold Mining
26:16 Hand Cart
30:15 Imperial Age
28:54 Scale Barding Armor
29:06 Vendel Legacy
30:40 Bloodlines
30:30 Husbandry
30:51 Chain Barding Armor
30:20 Cavalier
31:22 Conscription
32:42 Plate Barding Armor
33:08 Forging
34:03 Crop Rotation
34:04 Coinage
33:30 Capped Ram
35:48 Banking
40:03 Elite Varangian Guard
40:45 Squires
40:30 Arson
40:48 Scale Mail Armor
40:12 Gothikon
42:13 Chain Mail Armor
43:54 Plate Mail Armor
44:00 Iron Casting
44:32 Pikeman
45:45 Halberdier
Connection lost

Rejoining the realm…

Still unreachable

The connection could not be restored.

Session expired

The server has moved on; the page needs a fresh start.